 Dungeon Crawl Stone Soup version 0.30.1-11-g7821555f0a (webtiles) character file.

Game seed: 3127264707884527578

464 KyoPewz the Covert (level 6, -6/29 HPs)
             Began as a Felid Enchanter on Oct 31, 2023.
             Was a Follower of Dithmenos.
             Killed by divine providence
             ... invoked by an orc priest
              (16 damage)
             ... on level 5 of the Dungeon.
             The game lasted 00:14:01 (4862 turns).

KyoPewz the Covert (Felid Enchanter)                Turns: 4862, Time: 00:14:01

Health: -6/29      AC:  2    Str:  6    XL:     6   Next: 80%
Magic:  1/10       EV: 17    Int: 17    God:    Dithmenos [*.....]
Gold:   169        SH:  0    Dex: 16    Spells: 1/9 levels left
                                        Lives:  0   Deaths: 1

rFire   . .          .
                       - Unarmed
rCold   . . .        (shield unavailable)
rNeg    . . .        (body armour unavailable)
rPois   .            (helmet unavailable)
rElec   .            (cloak unavailable)
rCorr   .            (gloves unavailable)
SInv    +            (boots unavailable)
Will    .....        k - amulet of the acrobat
Stlth   +++++        (no ring)
HPRegen 0.24/turn    (no ring)
MPRegen 0.12/turn

%: acrobat
@: wreathed by umbra, quick
A: very small, claws 1, fangs 3, see invisible, speed 1, shaggy fur 2, stealthy
paws, no weapons or thrown items, no armour, multi-lived
a: Renounce Religion


You were on level 5 of the Dungeon.
You worshipped Dithmenos.
Dithmenos was aware of your devotion.
You visited 2 branches of the dungeon, and saw 6 of its levels.

You collected 169 gold pieces.

Inventory:

Jewellery
 k - an amulet of the acrobat (around neck)
Scrolls
 c - 2 scrolls of magic mapping {unknown}
 i - a scroll of brand weapon {unknown}
 m - 2 scrolls of blinking {unknown}
 n - a scroll of summoning {unknown}
 o - 2 scrolls of immolation {unknown}
 q - a scroll of fog {unknown}
 t - 2 scrolls of teleportation
Potions
 a - 2 potions of invisibility
 b - 2 potions of cancellation
 d - a potion of might
 e - a potion of mutation
 f - a potion of attraction
 g - a potion of degeneration {unknown}
 h - 3 potions of haste
 j - a potion of flight {unknown}
 l - 2 potions of heal wounds
 p - a potion of curing {unknown}


   Skills:
 + Level 4.3 Fighting
 - Level 2.6 Dodging
 + Level 8.6 Stealth
 + Level 2.1 Unarmed Combat
 - Level 2.0 Spellcasting
 + Level 5.2 Hexes
 - Level 1.0 Ice Magic


You had one spell level left.
You knew the following spells:

 Your Spells              Type           Power      Damage    Failure   Level
a - Ensorcelled Hibernat  Hex/Ice        24%        N/A       9%          2
b - Tukima's Dance        Hex            19%        N/A       7%          3
c - Confusing Touch       Hex            19%        N/A       7%          3

Your spell library contained the following spells:

 Spells                   Type           Power      Damage    Failure   Level
 Apportation              Tloc           2%         N/A       19%         1
 Kiss of Death            Conj/Necr      4%         2d5       19%         1
 Necrotise                Necr           4%         1d4       19%         1
 Summon Small Mammal      Summ           4%         N/A       19%         1
 Dazzling Flash           Conj/Hex       20%        N/A       21%         3
 Gell's Gravitas          Tloc           1%         N/A       50%         3
 Teleport Other           Tloc           1%         N/A       50%         3
 Dispel Undead            Necr           1%         3d6       88%         4
 Summon Mana Viper        Hex/Summ       10%        N/A       88%         5
 Summon Forest            Summ/Tloc      0%         N/A       99%         5
 Dispersal                Tloc           0%         N/A       100%        6
 Summon Cactus Giant      Summ           0%         N/A       100%        6


Dungeon Overview and Level Annotations

Branches:
Dungeon (5/15)             Temple (1/1) D:4

Altars:
Dithmenos
Elyvilon
Fedhas
Gozag
Kikubaaqudgha
Nemelex Xobeh
Ru
Sif Muna
Uskayaw
Wu Jian
Xom
Yredelemnul
Zin

Annotations:
D:5 Pikel


Innate Abilities, Weirdness & Mutations

You have sharp claws.
You have razor-sharp teeth.
You have supernaturally acute eyesight. (SInv)
You cover ground quickly. (Speed+)
You are covered in thick fur. (AC +2)
Your paws help you pounce on unaware monsters.
You are incapable of wielding weapons or throwing items.
You cannot wear armour.
You gain extra lives every three experience levels.


Message History

You scratch the worm. You bite the worm, but do no damage.
The worm is lightly wounded.
The orc priest invokes the aid of Beogh against you.
Beogh smites you! The worm misses you.
You hear a shout!
You take 12 damage, and have 17/29 hp.
MASSIVE DAMAGE!!
You hear a shout!
Casting: Ensorcelled Hibernation (safe; 9% risk of failure)
Confirm with . or Enter, or press ? or * to list all spells.
Aiming: Ensorcelled Hibernation (safe; 9% risk of failure)
Press: ? - help, Shift-Dir - straight line, f - worm
Aim: a worm (lightly wounded, umbra, chance to affect: 54%)
The worm resists with significant effort.
You now have 3/10 mp.
Casting: Ensorcelled Hibernation (safe; 9% risk of failure)
Confirm with . or Enter, or press ? or * to list all spells.
Aiming: Ensorcelled Hibernation (safe; 9% risk of failure)
Press: ? - help, Shift-Dir - straight line, f/p - worm
Aim: a worm (lightly wounded, umbra, chance to affect: 54%)
The worm looks drowsy...
You now have 1/10 mp.
The helpless worm fails to defend itself.
You mangle the worm!!
You kill the worm!
Dithmenos accepts your kill.
You scratch the orc priest.
The orc priest is lightly wounded.
The orc priest hits you with a +0 short sword.
You take 5 damage, and have 13/29 hp.
You scratch the orc priest but do no damage.
You bite the orc priest.
The orc priest is moderately wounded.
The orc priest hits you with a +0 short sword.
You take 4 damage, and have 9/29 hp.
You scratch the orc priest.
The orc priest is almost dead.
The orc priest invokes the aid of Beogh against you.
Beogh smites you!
Ouch! That really hurt!
You die...

.## #.#
#######
..#
#.########
..#
#........#
..#
########.#
### #.#
#.# #.#
#.# #@#
#o#
#.....o..
#
#######..
.# #.# ##
#


You could see an orc priest.

Vanquished Creatures
  A black bear (D:4)
  A lemure (D:5)
  3 hounds
  An orc priest (D:5)
  3 jellies (D:5)
  A gnoll bouda (D:5)
  An iguana (D:4)
  An orc wizard (D:4)
  Robin (D:4)
  3 gnolls (D:5)
  3 adders
  2 shadow imps
  3 worms
  2 dart slugs
  18 orcs
  A bat zombie (D:5)
  8 endoplasms
  4 giant cockroaches
  4 hobgoblins
  5 jackals
  3 quokkas
  6 ball pythons
  6 bats
  2 frilled lizards (D:3)
  13 goblins
  7 kobolds
  7 rats
110 creatures vanquished.

Notes
Turn   | Place    | Note
-------+----------+-------------------------------------------
     0 | D:1      | KyoPewz the Felid Enchanter began the quest for the Orb.
     0 | D:1      | Reached XP level 1. HP: 7/7 MP: 4/4
   147 | D:1      | Reached XP level 2. HP: 11/11 MP: 6/6
   150 | D:1      | Learned a level 2 spell: Ensorcelled Hibernation
   190 | D:1      | Reached skill level 5 in Stealth
   892 | D:1      | Reached XP level 3. HP: 8/15 MP: 4/7
  1157 | D:2      | Reached skill level 1 in Fighting
  1394 | D:2      | Reached skill level 1 in Ice Magic
  1475 | D:2      | Reached skill level 6 in Stealth
  1671 | D:3      | Reached XP level 4. HP: 19/19 MP: 8/8
  1704 | D:3      | Found a sacrificial altar of Ru.
  1786 | D:3      | Found a faded altar of an unknown god.
  2198 | D:4      | Noticed Robin
  2452 | D:4      | Found a staircase to the Ecumenical Temple.
  2467 | Temple   | Entered the Ecumenical Temple
  2555 | Temple   | Became a worshipper of Dithmenos the Shadowed
  2570 | D:4      | Found an opulent altar of Gozag.
  2802 | D:4      | Identified the +0 ring mail of the Harp {rCorr Int+2 Dex-4}
  2813 | D:4      | Reached XP level 5. HP: 18/23 MP: 2/9
  2874 | D:4      | Killed Robin
  2978 | D:4      | Found a hide-covered altar of Uskayaw.
  3124 | D:4      | Reached skill level 7 in Stealth
  3736 | D:4      | Noticed a black bear
  3750 | D:4      | Slain by a black bear
  3751 | D:4      | Reached XP level 4. HP: 0/21 MP: 7/8
  3825 | D:4      | Killed a black bear
  3826 | D:4      | Reached skill level 8 in Stealth
  3826 | D:4      | Reached XP level 5. HP: 22/25 MP: 1/9
  3933 | D:4      | Reached * piety under Dithmenos
  4275 | D:5      | Entered Level 5 of the Dungeon
  4285 | D:5      | Learned a level 3 spell: Tukima's Dance
  4289 | D:5      | Learned a level 3 spell: Confusing Touch
  4346 | D:5      | Noticed Pikel
  4346 | D:5      | Noticed a lemure
  4346 | D:5      | Noticed a lemure
  4347 | D:5      | Noticed a lemure
  4389 | D:5      | Killed a lemure
  4532 | D:5      | Found an ancient bone altar of Kikubaaqudgha.
  4566 | D:5      | Gained mutation: You are covered in thick fur. (AC +2)
                  | [Felid growth]
  4566 | D:5      | Reached XP level 6. HP: 28/28 MP: 10/10
  4794 | D:5      | Reached skill level 5 in Hexes
  4862 | D:5      | Killed from afar by an orc priest

Illustrated notes

Levels and vault maps discovered:
D:1:      minmay_arrival_plants_in_alcoves, layout_loops_corners,
          wad_floor_pattern_untrapped, minmay_pentomino_z4
D:2:      layout_loops_cross
D:3:      layout_rooms, nicolae_ru_awakened_eye,
          shapermc_ecumenical_altar_acropolis
D:4:      kennysheep_spiral_hall, layout_loops_cross,
          mainiacjoe_overflow_alcove_1, grunt_gozag_statues,
          minmay_temple_entry_drinking_statues, uniq_robin
D:5:      layout_loops_ring, lemuel_zombie_altar_kikubaaqudgha, feat_on_display,
          uniq_pikel
Temple:   dpeg_three_leaves_temple

Skill      XL: |  1  2  3  4  5  6 |
---------------+-------------------+-----
Stealth        | 5 6 8 7 |  8.6
Fighting       | 1 2 4 |  4.3
Ice Magic      | 1 |  1.0
Hexes          | 5 |  5.2
Unarmed Combat | 2 |  2.1
Dodging        | |  2.6
Spellcasting   | |  2.0

Action                     |  1- 3 |  4- 6 || total
---------------------------+-------+-------++-------
  Melee: Unarmed           |   110 |   238 ||   348
         Bite              |    11 |    22 ||    33
         Punch             |     3 |     5 ||     8
   Cast: Ensorcelled Hiber |     6 |    54 ||    60
    Use: Scroll            |       |     6 ||     6
   Stab: Sleeping          |    22 |    38 ||    60
         Distracted        |       |     1 ||     1
 Armour: Skin              |     3 |     7 ||    10
  Dodge: Dodged            |    97 |   225 ||   322
